Predators vs Avalanche

Created - January 18, 2022 at 19:18

Goals
1 2 3 T
Predators 2 2 2 6
Avalanche 0 0 2 2
Shots
1 2 3 T
Predators 3 8 17 28
Avalanche 7 8 12 27

1st period

1. Predators , Mikael Granlund 12 (Ryan Mcdonagh 11) at 0:13
2. Predators , Byron Bitz 1 (Jack Eichel 4, John Moore 2) at 0:43

Penalties :
James Van Riemsdyk (Col) for Hooking (Minor) at 12:36

2nd period

3. Predators , Mikael Granlund 13 (Alexander Ovechkin 9, Alexander Edler 10) at 14:42
4. Predators , Alexander Edler 3 (Brad Boyes 7) at 17:55

Penalties :
Justin Faulk (Nas) for Hooking (Minor) at 1:21, Alexander Ovechkin (Nas) for Tripping (Minor) at 18:18

3rd period

5. Avalanche , James Van Riemsdyk 2 (Jack Johnson 10, Bryan Little 18) at 3:22
6. Avalanche , Luke Witkowski 3 (Kyle Turris 5, Marc Staal 5) at 6:30
7. Predators , Brad Boyes 4 (Ryan Kesler 7) at 8:06
8. Predators , Alexander Ovechkin 8 (Mikael Granlund 13, Ryan Mcdonagh 12) at 12:40 (PP)

Penalties :
Andy Miele (Nas) for Slashing (Minor) at 3:46, Erik Karlsson (Col) for Roughing (Minor) at 12:25, Bryan Little (Col) for Hooking (Minor) at 14:47, Patric Hornqvist (Col) for Hooking (Minor) at 18:35

Goalie Stats

Jaroslav Halak (Nas), 25 saves from 27 shots - (0.926), W, 3-5-0, 60:00 minutes
Cam Ward (Col), 7 saves from 11 shots - (0.636), L, 5-5-1, 37:55 minutes
Semyon Varlamov (Col), 15 saves from 17 shots - (0.882), 22:05 minutes

Players Stats for Predators

Player Name              G  A  P  +/- PIM S  H  SB GA TA FO     MP     PP MP  PK MP  
------------------------------------------------------------------------------------
Alexander Edler          1  1  2   2  0   2  1  1  0  1  0/0    29:53   2:27   3:52 
Alexander Ovechkin       1  1  2   2  2   3  3  0  3  0  1/2    21:56   3:14   1:20 
Andy Miele               0  0  0   2  2   3  2  1  1  1  19/34  22:31   3:14   2:06 
Brad Boyes               1  1  2   1  0   3  2  0  0  1  1/1    17:14   2:21   1:10 
Byron Bitz               1  0  1   1  0   2  2  0  0  0  0/0    10:19   0:00   0:59 
Chris Higgins            0  0  0   1  0   1  1  0  1  1  0/0     9:46   0:00   0:21 
Jack Eichel              0  1  1   1  0   1  0  0  0  1  4/5    10:38   0:00   1:15 
Jaden Schwartz           0  0  0   1  0   1  1  1  1  1  0/0    17:00   2:20   0:59 
John Moore               0  1  1   1  0   1  0  1  1  1  0/0    18:09   2:11   2:05 
Josh Morrissey           0  0  0   0  0   1  2  0  0  0  0/0    11:15   0:51   0:00 
Justin Abdelkader        0  0  0  -1  0   1  0  0  0  0  0/0     8:40   0:21   0:00 
Justin Faulk             0  0  0   1  2   0  2  1  2  0  0/0    16:04   2:05   0:00 
Mark Pysyk               0  0  0  -1  0   1  0  0  0  0  0/0    12:18   0:11   3:17 
Mikael Granlund          2  1  3   2  0   4  1  1  1  0  0/1    20:12   3:13   0:00 
Nate Schmidt             0  0  0   0  0   0  0  0  0  0  0/0    13:18   0:51   2:05 
Ryan Kesler              0  1  1   1  0   1  0  0  0  0  10/21  16:25   2:16   0:27 
Ryan Mcdonagh            0  2  2   2  0   3  2  4  0  2  0/0    29:55   2:27   3:52 
Scott Laughton           0  0  0  -1  0   0  1  0  0  0  3/5     8:27   0:03   0:00 

Players Stats for Avalanche

Player Name              G  A  P  +/- PIM S  H  SB GA TA FO     MP     PP MP  PK MP  
------------------------------------------------------------------------------------
Bryan Little             0  1  1  -3  2   3  1  0  0  2  14/30  21:52   3:30   0:20 
Charlie Coyle            0  0  0   0  0   3  1  0  0  0  6/14   18:51   2:27   1:42 
Colten Teubert           0  0  0   0  0   0  1  1  0  1  0/0    11:13   0:00   0:43 
Erik Karlsson            0  0  0  -2  2   0  1  0  1  0  0/0    19:03   2:09   2:16 
Evgeny Dadonov           0  0  0   0  0   2  0  0  1  0  2/2    17:23   2:27   0:00 
Jack Johnson             0  1  1  -1  0   1  1  1  2  2  0/0    28:33   3:48   2:27 
James Van Riemsdyk       1  0  1   0  2   1  0  1  1  0  0/0    10:56   0:00   0:44 
Jarred Tinordi           0  0  0   0  0   1  1  0  0  3  0/0    11:29   0:00   0:54 
Kyle Turris              0  1  1   0  0   2  1  0  1  0  2/4     7:06   0:00   0:49 
Luke Witkowski           1  0  1   0  0   1  1  0  0  0  0/0    10:09   0:12   0:00 
Marc Staal               0  1  1  -1  0   2  0  4  1  1  0/0    28:34   3:48   2:27 
Martin Samuelsson        0  0  0   0  0   0  0  0  0  1  0/0     7:26   0:00   1:06 
Mattias Ekholm           0  0  0  -2  0   0  0  0  1  0  0/0    18:58   2:09   2:27 
Mikkel Boedker           0  0  0  -3  0   3  2  0  1  0  3/5    24:01   3:30   2:24 
Patric Hornqvist         0  0  0  -3  2   3  1  0  0  0  0/1    22:54   3:30   1:29 
Pavel Buchnevich         0  0  0   0  0   0  0  0  0  0  0/0     6:26   0:00   0:00 
Tomas Fleischmann        0  0  0   0  0   1  2  0  0  0  0/3    17:27   2:15   0:32 
Vincent Trocheck         0  0  0   0  0   4  0  0  0  0  4/10   11:58   0:00   2:08 

3 Stars

1 - Mikael Granlund (Nas)
2 - Alexander Edler (Nas)
3 - Brad Boyes (Nas)

Power Play

Predators - 1 on 4 Attempt(s) - 25.00%
Avalanche - 0 on 3 Attempt(s) - 0.00%

Penalty Kill

Predators - 3 on 3 Attempt(s) - 100.00% - Score 0 goal in Penalty Kill
Avalanche - 3 on 4 Attempt(s) - 75.00% - Score 0 goal in Penalty Kill

Team Stat

Predators - Hits : 20 - Faceoff Wins : 38 - Blocked Shots : 10 - Penalty Minutes : 6
Avalanche - Hits : 13 - Faceoff Wins : 31 - Blocked Shots : 7 - Penalty Minutes : 8

Official

Referees : Gord Dwyer and Tim Peel
Linesman : Bevan Mills and Matt MacPherson

Game Notes

Semyon Varlamov enters game at 17:55 of 2nd period

Finance

Level 1 -- Attendance: 6000 (100.00%) -- Ticket Income $600,000
Level 2 -- Attendance: 5000 (100.00%) -- Ticket Income $300,000
Level 3 -- Attendance: 2000 (100.00%) -- Ticket Income $70,000
Level 4 -- Attendance: 4000 (100.00%) -- Ticket Income $100,000
Luxury Box -- Attendance: 883 (88.30%) -- Ticket Income $176,600
Game was played at the Pepsi Center.
Total Attendance: 17883 (99.35%)
Total Ticket Income: $1,246,600
Other Income: $186,990
Total Income: $1,433,590

Predators

5 vs 5 Forward 
   Center                   Left Wing                Right Wing               Time % Phy DF OF 
 1 Andy Miele               Alexander Ovechkin       Mikael Granlund          38     1   1  3  
 2 Ryan Kesler              Jaden Schwartz           Brad Boyes               29     1   2  2  
 3 Jack Eichel              Chris Higgins            Byron Bitz               18     1   2  2  
 4 Scott Laughton           Justin Abdelkader        Mark Pysyk               15     2   1  2  

5 vs 5 Defense 
   Defense                  Defense                                           Time % Phy DF OF 
 1 Ryan Mcdonagh            Alexander Edler                                   40     1   2  2  
 2 John Moore               Justin Faulk                                      30     1   2  2  
 3 Nate Schmidt             Josh Morrissey                                    20     1   2  2  
 4 Ryan Mcdonagh            Alexander Edler                                   10     1   2  2  

PowerPlay Forward 
   Center                   Left Wing                Right Wing               Time % Phy DF OF 
 1 Andy Miele               Alexander Ovechkin       Mikael Granlund          60     1   1  3  
 2 Ryan Kesler              Jaden Schwartz           Brad Boyes               40     1   1  3  

PowerPlay Defense
   Defense                  Defense                                           Time % Phy DF OF 
 1 Ryan Mcdonagh            Alexander Edler                                   60     1   1  3  
 2 John Moore               Justin Faulk                                      40     1   1  3  

Penalty Kill 4 Players Forward 
   Center                   Wing                     Time % Phy DF OF 
 1 Andy Miele               Mark Pysyk               60     1   2  2  
 2 Jaden Schwartz           Byron Bitz               40     1   2  2  

Penalty Kill 4 Players Defense
   Defense                  Defense                  Time % Phy DF OF 
 1 Ryan Mcdonagh            Alexander Edler          60     1   2  2  
 2 John Moore               Nate Schmidt             40     1   2  2  

Penalty Kill - 3 Players Forward 
   Forward                                           Time % Phy DF OF 
 1 Andy Miele                                        60     1   2  2  
 2 Jaden Schwartz                                    40     1   2  2  

Penalty Kill - 3 Players Defense
   Defense                  Defense                  Time % Phy DF OF 
 1 Ryan Mcdonagh            Alexander Edler          60     1   3  1  
 2 John Moore               Nate Schmidt             40     1   3  1  

4 vs 4 Forward 
   Center                   Wing                     Time % Phy DF OF 
 1 Mikael Granlund          Alexander Ovechkin       60     1   2  2  
 2 Ryan Kesler              Jaden Schwartz           40     1   2  2  

4 vs 4 Defense
   Defense                  Defense                  Time % Phy DF OF 
 1 Ryan Mcdonagh            Alexander Edler          60     1   2  2  
 2 John Moore               Justin Faulk             40     1   2  2  

Last Minutes Offensive
   Center                   Left Wing                Right Wing               Defense                  Defense                  
   Andy Miele               Alexander Ovechkin       Mikael Granlund          Ryan Mcdonagh            Alexander Edler          

Last Minutes Defensive
   Center                   Left Wing                Right Wing               Defense                  Defense                  
   Andy Miele               Jaden Schwartz           Mark Pysyk               Ryan Mcdonagh            Alexander Edler          

Goaltenders
Starting : Jaroslav Halak           
Backup : Kari Lehtonen            

Extra Forwards
Normal : Jack Eichel, Justin Abdelkader, Mark Pysyk - PP : Jack Eichel, Justin Abdelkader - PK : Brad Boyes
Extra Defensemen
Normal : John Moore, Josh Morrissey, Nate Schmidt - PP : Nate Schmidt - PK : Justin Faulk, Josh Morrissey
Penalty Shots
Alexander Ovechkin, Mikael Granlund, Jaden Schwartz, Ryan Kesler, Ryan Mcdonagh

Scratches
Brendan Gallagher (Lower Body Injury), Chris Lawrence (Healthy), Denis Grebeshkov (Healthy), Mike Brown (Healthy)

Avalanche

5 vs 5 Forward 
   Center                   Left Wing                Right Wing               Time % Phy DF OF 
 1 Bryan Little             Mikkel Boedker           Patric Hornqvist         40     1   2  2  
 2 Charlie Coyle            Tomas Fleischmann        Evgeny Dadonov           30     1   2  2  
 3 Vincent Trocheck         James Van Riemsdyk       Luke Witkowski           20     1   2  2  
 4 Kyle Turris              Martin Samuelsson        Pavel Buchnevich         10     1   2  2  

5 vs 5 Defense 
   Defense                  Defense                                           Time % Phy DF OF 
 1 Jack Johnson             Marc Staal                                        40     1   2  2  
 2 Erik Karlsson            Mattias Ekholm                                    30     1   2  2  
 3 Colten Teubert           Jarred Tinordi                                    20     1   2  2  
 4 Jack Johnson             Marc Staal                                        10     1   2  2  

PowerPlay Forward 
   Center                   Left Wing                Right Wing               Time % Phy DF OF 
 1 Bryan Little             Mikkel Boedker           Patric Hornqvist         60     1   2  2  
 2 Charlie Coyle            Tomas Fleischmann        Evgeny Dadonov           40     1   2  2  

PowerPlay Defense
   Defense                  Defense                                           Time % Phy DF OF 
 1 Jack Johnson             Marc Staal                                        60     1   2  2  
 2 Erik Karlsson            Mattias Ekholm                                    40     1   2  2  

Penalty Kill 4 Players Forward 
   Center                   Wing                     Time % Phy DF OF 
 1 Mikkel Boedker           Patric Hornqvist         60     1   2  2  
 2 Bryan Little             Charlie Coyle            40     1   2  2  

Penalty Kill 4 Players Defense
   Defense                  Defense                  Time % Phy DF OF 
 1 Jack Johnson             Marc Staal               60     1   2  2  
 2 Erik Karlsson            Mattias Ekholm           40     1   2  2  

Penalty Kill - 3 Players Forward 
   Forward                                           Time % Phy DF OF 
 1 Mikkel Boedker                                    60     1   2  2  
 2 Patric Hornqvist                                  40     1   2  2  

Penalty Kill - 3 Players Defense
   Defense                  Defense                  Time % Phy DF OF 
 1 Jack Johnson             Marc Staal               60     1   2  2  
 2 Erik Karlsson            Mattias Ekholm           40     1   2  2  

4 vs 4 Forward 
   Center                   Wing                     Time % Phy DF OF 
 1 Mikkel Boedker           Patric Hornqvist         60     1   2  2  
 2 Bryan Little             Charlie Coyle            40     1   2  2  

4 vs 4 Defense
   Defense                  Defense                  Time % Phy DF OF 
 1 Jack Johnson             Marc Staal               60     1   2  2  
 2 Erik Karlsson            Mattias Ekholm           40     1   2  2  

Last Minutes Offensive
   Center                   Left Wing                Right Wing               Defense                  Defense                  
   Bryan Little             Mikkel Boedker           Patric Hornqvist         Jack Johnson             Marc Staal               

Last Minutes Defensive
   Center                   Left Wing                Right Wing               Defense                  Defense                  
   Bryan Little             Mikkel Boedker           Patric Hornqvist         Jack Johnson             Marc Staal               

Goaltenders
Starting : Cam Ward                 
Backup : Semyon Varlamov          

Extra Forwards
Normal : Luke Witkowski, James Van Riemsdyk, Vincent Trocheck - PP : Luke Witkowski, James Van Riemsdyk - PK : Vincent Trocheck
Extra Defensemen
Normal : Colten Teubert, Jarred Tinordi, Erik Karlsson - PP : Colten Teubert - PK : Jarred Tinordi, Erik Karlsson
Penalty Shots
Mikkel Boedker, Patric Hornqvist, Bryan Little, Charlie Coyle, Evgeny Dadonov

Scratches
Nick Cousins (Healthy)

% Time on Ice - Predators

Lines # - Real PCT - Wanted PCT - Time Play
Normal Forward
1 - 38% - 38% - 18:27
2 - 28% - 29% - 13:31
3 - 19% - 18% - 9:20
4 - 15% - 15% - 7:08
Normal Defense
1 - 41% - 40% - 19:41
2 - 31% - 30% - 15:00
3 - 21% - 20% - 9:56
4 - 8% - 10% - 3:49
PP Forward
1 - 60% - 60% - 3:21
2 - 40% - 40% - 2:16
PP Defense
1 - 44% - 60% - 2:27
2 - 56% - 40% - 3:10
PK Forward
1 - 83% - 60% - 4:58
2 - 17% - 40% - 0:59
PK Defense
1 - 65% - 60% - 3:52
2 - 35% - 40% - 2:05
PK3 Forward
1 - 0% - 60%
2 - 0% - 40%
PK3 Defense
1 - 0% - 60%
2 - 0% - 40%
44 Forward
1 - 0% - 60%
2 - 0% - 40%
44 Defense
1 - 0% - 60%
2 - 0% - 40%
Last Minute Offensive  - 0:00
Last Minute Defensive  - 0:00
Total
Forward - 60:00
Defense - 60:00

% Time on Ice - Avalanche

Lines # - Real PCT - Wanted PCT - Time Play
Normal Forward
1 - 39% - 40% - 18:56
2 - 30% - 30% - 14:32
3 - 19% - 20% - 9:08
4 - 12% - 10% - 5:50
Normal Defense
1 - 41% - 40% - 19:53
2 - 31% - 30% - 14:47
3 - 21% - 20% - 10:24
4 - 7% - 10% - 3:22
PP Forward
1 - 59% - 60% - 3:30
2 - 41% - 40% - 2:27
PP Defense
1 - 64% - 60% - 3:48
2 - 36% - 40% - 2:09
PK Forward
1 - 77% - 60% - 4:18
2 - 23% - 40% - 1:19
PK Defense
1 - 44% - 60% - 2:27
2 - 56% - 40% - 3:10
PK3 Forward
1 - 0% - 60%
2 - 0% - 40%
PK3 Defense
1 - 0% - 60%
2 - 0% - 40%
44 Forward
1 - 0% - 60%
2 - 0% - 40%
44 Defense
1 - 0% - 60%
2 - 0% - 40%
Last Minute Offensive  - 0:00
Last Minute Defensive  - 0:00
Total
Forward - 60:00
Defense - 60:00

Play-by-Play

1st period


0:01 of 1st period - Andy Miele wins face-off versus Bryan Little in neutral zone.
0:03 of 1st period - Off-side.
0:04 of 1st period - Bryan Little wins face-off versus Andy Miele in neutral zone.
0:13 of 1st period - Wrist shot by Mikael Granlund.
0:13 of 1st period - Goal by Mikael Granlund - Predators : 1 - Avalanche : 0.
0:14 of 1st period - Charlie Coyle wins face-off versus Ryan Kesler in neutral zone.
0:29 of 1st period - Slapshot by Charlie Coyle.
0:29 of 1st period - Stopped by Jaroslav Halak with a rebound.
0:43 of 1st period - Wrist shot by Byron Bitz.
0:43 of 1st period - Goal by Byron Bitz - Predators : 2 - Avalanche : 0.
0:44 of 1st period - Kyle Turris wins face-off versus Scott Laughton in neutral zone.
0:51 of 1st period - Snap shot by Scott Laughton.
0:51 of 1st period - Shot Misses the Net.
1:08 of 1st period - Icing by Alexander Ovechkin.
1:09 of 1st period - Bryan Little wins face-off versus Mikael Granlund in Predators zone.
1:14 of 1st period - Slapshot by Mikkel Boedker.
1:14 of 1st period - Shot Misses the Net.
1:16 of 1st period - Slapshot by Jack Johnson.
1:16 of 1st period - Shot Misses the Net.
1:18 of 1st period - Slapshot by Bryan Little.
1:18 of 1st period - Stopped by Jaroslav Halak with a rebound.
1:20 of 1st period - Snap shot by Bryan Little.
1:20 of 1st period - Stopped by Jaroslav Halak without a rebound.
1:21 of 1st period - Jack Eichel wins face-off versus Vincent Trocheck in Predators zone.
1:36 of 1st period - Snap shot by Luke Witkowski.
1:36 of 1st period - Deflect By Vincent Trocheck.
1:36 of 1st period - Stopped by Jaroslav Halak with a rebound.
1:38 of 1st period - Snap shot by Marc Staal.
1:38 of 1st period - Stopped by Jaroslav Halak without a rebound.
1:39 of 1st period - Ryan Kesler wins face-off versus Mikkel Boedker in Predators zone.
2:11 of 1st period - Jack Johnson is hit by Ryan Mcdonagh and loses puck.
3:18 of 1st period - Snap shot by Brad Boyes.
3:18 of 1st period - Stopped by Cam Ward with a rebound.
3:39 of 1st period - Tomas Fleischmann is hit by Andy Miele and loses puck.
4:36 of 1st period - Wrist shot by Charlie Coyle.
4:36 of 1st period - Shot Blocked by Alexander Edler.
5:04 of 1st period - Slapshot by Alexander Edler.
5:04 of 1st period - Shot Blocked by Marc Staal.
5:16 of 1st period - Wrist shot by Chris Higgins.
5:16 of 1st period - Shot Misses the Net.
5:42 of 1st period - Snap shot by Bryan Little.
5:42 of 1st period - Shot Misses the Net.
5:48 of 1st period - Marc Staal is hit by Alexander Edler and loses puck.
6:09 of 1st period - Snap shot by Bryan Little.
6:09 of 1st period - Shot Blocked by Ryan Mcdonagh.
7:47 of 1st period - Marc Staal is hit by Chris Higgins and loses puck.
8:20 of 1st period - Slapshot by Bryan Little.
8:20 of 1st period - Shot Blocked by Ryan Mcdonagh.
8:26 of 1st period - Marc Staal is hit by Byron Bitz and loses puck.
8:35 of 1st period - Bryan Little is hit by Byron Bitz and loses puck.
9:38 of 1st period - Slapshot by Patric Hornqvist.
9:38 of 1st period - Stopped by Jaroslav Halak without a rebound.
9:39 of 1st period - Charlie Coyle wins face-off versus Andy Miele in Predators zone.
9:48 of 1st period - Tomas Fleischmann is hit by Alexander Ovechkin and loses puck.
10:05 of 1st period - Brad Boyes is hit by Jarred Tinordi and loses puck.
10:12 of 1st period - Snap shot by Luke Witkowski.
10:12 of 1st period - Shot Blocked by Jaden Schwartz.
10:30 of 1st period - Snap shot by Kyle Turris.
10:30 of 1st period - Stopped by Jaroslav Halak with a rebound.
10:38 of 1st period - Jarred Tinordi is hit by Scott Laughton and loses puck.
11:08 of 1st period - Luke Witkowski is hit by Justin Faulk and loses puck.
11:47 of 1st period - Mattias Ekholm is hit by Josh Morrissey and loses puck.
12:11 of 1st period - Mark Pysyk is hit by Kyle Turris and loses puck.
12:22 of 1st period - Colten Teubert is hit by Alexander Ovechkin and loses puck.
12:36 of 1st period - Minor Penalty to James Van Riemsdyk for Hooking.
12:37 of 1st period - Andy Miele wins face-off versus Vincent Trocheck in Avalanche zone.
12:53 of 1st period - Andy Miele is hit by Erik Karlsson and loses puck.
13:12 of 1st period - Charlie Coyle is hit by Jaden Schwartz and loses puck.
14:36 of 1st period - Penalty to James Van Riemsdyk is over, James Van Riemsdyk is back on ice.
14:49 of 1st period - Snap shot by Kyle Turris.
14:49 of 1st period - Shot Blocked by John Moore.
17:08 of 1st period - Josh Morrissey is hit by Patric Hornqvist and loses puck.
19:51 of 1st period - Nate Schmidt is hit by Bryan Little and loses puck.
Goals for this period are 2 for Predators vs 0 for Avalanche.
Shots for this period are 3 for Predators vs 7 for Avalanche.

2nd period


0:01 of 2nd period - Charlie Coyle wins face-off versus Ryan Kesler in neutral zone.
0:03 of 2nd period - Off-side.
0:04 of 2nd period - Charlie Coyle wins face-off versus Ryan Kesler in neutral zone.
0:07 of 2nd period - Wrist shot by Evgeny Dadonov.
0:07 of 2nd period - Stopped by Jaroslav Halak with a rebound.
0:20 of 2nd period - Off-side.
0:21 of 2nd period - Vincent Trocheck wins face-off versus Andy Miele in neutral zone.
0:56 of 2nd period - Wrist shot by Charlie Coyle.
0:56 of 2nd period - Stopped by Jaroslav Halak without a rebound.
0:57 of 2nd period - Andy Miele wins face-off versus Tomas Fleischmann in Predators zone.
1:10 of 2nd period - Snap shot by Mikael Granlund.
1:10 of 2nd period - Shot Misses the Net.
1:12 of 2nd period - Wrist shot by Alexander Ovechkin.
1:12 of 2nd period - Stopped by Cam Ward with a rebound.
1:21 of 2nd period - Minor Penalty to Justin Faulk for Hooking.
1:22 of 2nd period - Andy Miele wins face-off versus Bryan Little in Predators zone.
3:21 of 2nd period - Penalty to Justin Faulk is over, Justin Faulk is back on ice.
4:21 of 2nd period - Alexander Ovechkin is hit by Colten Teubert and loses puck.
4:53 of 2nd period - Icing by Ryan Mcdonagh.
4:54 of 2nd period - Vincent Trocheck wins face-off versus Ryan Kesler in Predators zone.
5:01 of 2nd period - Snap shot by Vincent Trocheck.
5:01 of 2nd period - Stopped by Jaroslav Halak without a rebound.
5:02 of 2nd period - Evgeny Dadonov wins face-off versus Andy Miele in Predators zone.
5:29 of 2nd period - Mikkel Boedker is hit by Brad Boyes and loses puck.
5:56 of 2nd period - Snap shot by Byron Bitz.
5:56 of 2nd period - Stopped by Cam Ward without a rebound.
5:57 of 2nd period - Jack Eichel wins face-off versus Vincent Trocheck in Avalanche zone.
6:04 of 2nd period - Slapshot by Chris Higgins.
6:04 of 2nd period - Shot Blocked by Marc Staal.
6:09 of 2nd period - Off-side.
6:10 of 2nd period - Andy Miele wins face-off versus Tomas Fleischmann in neutral zone.
6:17 of 2nd period - Ryan Mcdonagh is hit by Tomas Fleischmann and loses puck.
6:22 of 2nd period - Slapshot by Evgeny Dadonov.
6:22 of 2nd period - Shot Misses the Net.
6:24 of 2nd period - Slapshot by Jack Johnson.
6:24 of 2nd period - Deflect By Evgeny Dadonov.
6:24 of 2nd period - Shot Misses the Net.
6:24 of 2nd period - Puck is out of play.
6:25 of 2nd period - Bryan Little wins face-off versus Ryan Kesler in Predators zone.
6:52 of 2nd period - Slapshot by Evgeny Dadonov.
6:52 of 2nd period - Stopped by Jaroslav Halak without a rebound.
6:53 of 2nd period - Andy Miele wins face-off versus Tomas Fleischmann in Predators zone.
7:43 of 2nd period - Snap shot by Evgeny Dadonov.
7:43 of 2nd period - Shot Blocked by Mikael Granlund.
8:42 of 2nd period - Icing by Alexander Edler.
8:43 of 2nd period - Andy Miele wins face-off versus Bryan Little in Predators zone.
10:18 of 2nd period - Icing by Jaden Schwartz.
10:19 of 2nd period - Ryan Kesler wins face-off versus Kyle Turris in Predators zone.
10:31 of 2nd period - Off-side.
10:32 of 2nd period - Ryan Kesler wins face-off versus Bryan Little in neutral zone.
10:35 of 2nd period - Mikkel Boedker is hit by Josh Morrissey and loses puck.
11:45 of 2nd period - Slapshot by Josh Morrissey.
11:45 of 2nd period - Shot Misses the Net.
12:50 of 2nd period - Slapshot by Mark Pysyk.
12:50 of 2nd period - Stopped by Cam Ward without a rebound.
12:51 of 2nd period - Scott Laughton wins face-off versus Charlie Coyle in Avalanche zone.
13:02 of 2nd period - Snap shot by Justin Abdelkader.
13:02 of 2nd period - Shot Blocked by Colten Teubert.
13:42 of 2nd period - Off-side.
13:43 of 2nd period - Alexander Ovechkin wins face-off versus Bryan Little in neutral zone.
14:04 of 2nd period - Snap shot by Alexander Ovechkin.
14:04 of 2nd period - Shot Misses the Net.
14:30 of 2nd period - Patric Hornqvist is hit by Alexander Ovechkin.
14:42 of 2nd period - Snap shot by Mikael Granlund.
14:42 of 2nd period - Deflect By Bryan Little.
14:42 of 2nd period - Goal by Mikael Granlund - Predators : 3 - Avalanche : 0.
14:43 of 2nd period - Ryan Kesler wins face-off versus Charlie Coyle in neutral zone.
14:46 of 2nd period - Slapshot by Alexander Edler.
14:46 of 2nd period - Shot Misses the Net.
14:48 of 2nd period - Snap shot by Ryan Kesler.
14:48 of 2nd period - Stopped by Cam Ward without a rebound.
14:49 of 2nd period - Charlie Coyle wins face-off versus Ryan Kesler in Avalanche zone.
14:59 of 2nd period - Colten Teubert is hit by Brad Boyes and loses puck.
15:24 of 2nd period - Snap shot by Vincent Trocheck.
15:24 of 2nd period - Stopped by Jaroslav Halak without a rebound.
15:25 of 2nd period - Andy Miele wins face-off versus Bryan Little in Predators zone.
15:34 of 2nd period - Wrist shot by Andy Miele.
15:34 of 2nd period - Stopped by Cam Ward without a rebound.
15:35 of 2nd period - Andy Miele wins face-off versus Patric Hornqvist in Avalanche zone.
15:54 of 2nd period - Snap shot by Patric Hornqvist.
15:54 of 2nd period - Deflect By Mikkel Boedker.
15:54 of 2nd period - Stopped by Jaroslav Halak with a rebound.
16:05 of 2nd period - Off-side.
16:06 of 2nd period - Ryan Kesler wins face-off versus Charlie Coyle in neutral zone.
16:12 of 2nd period - Snap shot by Alexander Edler.
16:12 of 2nd period - Shot Misses the Net.
16:53 of 2nd period - Alexander Edler is hit by Jack Johnson and loses puck.
16:58 of 2nd period - Wrist shot by Mikael Granlund.
16:58 of 2nd period - Shot Blocked by Jack Johnson.
17:00 of 2nd period - Slapshot by Mikael Granlund.
17:00 of 2nd period - Stopped by Cam Ward without a rebound.
17:01 of 2nd period - Andy Miele wins face-off versus Bryan Little in Avalanche zone.
17:04 of 2nd period - Snap shot by Mikael Granlund.
17:04 of 2nd period - Shot Misses the Net.
17:14 of 2nd period - Snap shot by Mikkel Boedker.
17:14 of 2nd period - Stopped by Jaroslav Halak without a rebound.
17:15 of 2nd period - Ryan Kesler wins face-off versus Bryan Little in Predators zone.
17:26 of 2nd period - Slapshot by Nate Schmidt.
17:26 of 2nd period - Shot Misses the Net.
17:31 of 2nd period - Off-side.
17:32 of 2nd period - Evgeny Dadonov wins face-off versus Andy Miele in neutral zone.
17:37 of 2nd period - Snap shot by Evgeny Dadonov.
17:37 of 2nd period - Deflect By Charlie Coyle.
17:37 of 2nd period - Shot Misses the Net.
17:37 of 2nd period - Puck is out of play.
17:38 of 2nd period - Andy Miele wins face-off versus Charlie Coyle in Predators zone.
17:38 of 2nd period - Andy Miele is hit by Tomas Fleischmann.
17:45 of 2nd period - Off-side.
17:46 of 2nd period - Bryan Little wins face-off versus Ryan Kesler in neutral zone.
17:55 of 2nd period - Slapshot by Alexander Edler.
17:55 of 2nd period - Goal by Alexander Edler - Predators : 4 - Avalanche : 0.
17:55 of 2nd period - Semyon Varlamov enters game.
17:56 of 2nd period - Bryan Little wins face-off versus Andy Miele in neutral zone.
18:04 of 2nd period - Slapshot by Jack Johnson.
18:04 of 2nd period - Deflect By Mikael Granlund.
18:04 of 2nd period - Stopped by Jaroslav Halak with a rebound.
18:10 of 2nd period - Backhand shot by Bryan Little.
18:10 of 2nd period - Shot Blocked by Ryan Mcdonagh.
18:12 of 2nd period - Wrist shot by Bryan Little.
18:12 of 2nd period - Shot Misses the Net.
18:18 of 2nd period - Minor Penalty to Alexander Ovechkin for Tripping.
18:19 of 2nd period - Andy Miele wins face-off versus Bryan Little in Predators zone.
18:19 of 2nd period - Andy Miele is hit by Mikkel Boedker.
Goals for this period are 2 for Predators vs 0 for Avalanche.
Shots for this period are 8 for Predators vs 8 for Avalanche.

3rd period


0:01 of 3rd period - Andy Miele wins face-off versus Bryan Little in neutral zone.
0:16 of 3rd period - Snap shot by Bryan Little.
0:16 of 3rd period - Deflect By Mikkel Boedker.
0:16 of 3rd period - Shot Blocked by Andy Miele.
0:16 of 3rd period - Puck is out of play.
0:17 of 3rd period - Bryan Little wins face-off versus Andy Miele in Predators zone.
0:18 of 3rd period - Penalty to Alexander Ovechkin is over, Alexander Ovechkin is back on ice.
0:36 of 3rd period - Wrist shot by Ryan Mcdonagh.
0:36 of 3rd period - Deflect By Andy Miele.
0:36 of 3rd period - Shot Misses the Net.
0:36 of 3rd period - Puck is out of play.
0:37 of 3rd period - Ryan Kesler wins face-off versus Charlie Coyle in Avalanche zone.
0:58 of 3rd period - Evgeny Dadonov is hit by Justin Faulk and loses puck.
1:42 of 3rd period - Wrist shot by Brad Boyes.
1:42 of 3rd period - Stopped by Semyon Varlamov with a rebound.
2:22 of 3rd period - Wrist shot by Charlie Coyle.
2:22 of 3rd period - Stopped by Jaroslav Halak with a rebound.
2:32 of 3rd period - Wrist shot by Evgeny Dadonov.
2:32 of 3rd period - Shot Misses the Net.
2:34 of 3rd period - Snap shot by Evgeny Dadonov.
2:34 of 3rd period - Shot Blocked by Justin Faulk.
2:48 of 3rd period - Wrist shot by Tomas Fleischmann.
2:48 of 3rd period - Stopped by Jaroslav Halak without a rebound.
2:49 of 3rd period - Andy Miele wins face-off versus Bryan Little in Predators zone.
3:22 of 3rd period - Slapshot by James Van Riemsdyk.
3:22 of 3rd period - Goal by James Van Riemsdyk - Predators : 4 - Avalanche : 1.
3:23 of 3rd period - Bryan Little wins face-off versus Andy Miele in neutral zone.
3:34 of 3rd period - Snap shot by Mikkel Boedker.
3:34 of 3rd period - Shot Blocked by Ryan Mcdonagh.
3:36 of 3rd period - Slapshot by Marc Staal.
3:36 of 3rd period - Stopped by Jaroslav Halak with a rebound.
3:38 of 3rd period - Slapshot by Jack Johnson.
3:38 of 3rd period - Shot Misses the Net.
3:40 of 3rd period - Wrist shot by Mikkel Boedker.
3:40 of 3rd period - Shot Misses the Net.
3:46 of 3rd period - Minor Penalty to Andy Miele for Slashing.
3:47 of 3rd period - Bryan Little wins face-off versus Jack Eichel in Predators zone.
4:19 of 3rd period - Ryan Mcdonagh is hit by Mikkel Boedker and loses puck.
5:17 of 3rd period - Icing by Marc Staal.
5:18 of 3rd period - Jack Eichel wins face-off versus Bryan Little in Avalanche zone.
5:33 of 3rd period - Jack Johnson is hit by Ryan Mcdonagh and loses puck.
5:46 of 3rd period - Penalty to Andy Miele is over, Andy Miele is back on ice.
6:02 of 3rd period - Ryan Mcdonagh is hit by Luke Witkowski and loses puck.
6:08 of 3rd period - Icing by Mikael Granlund.
6:09 of 3rd period - Andy Miele wins face-off versus Kyle Turris in Predators zone.
6:30 of 3rd period - Wrist shot by Luke Witkowski.
6:30 of 3rd period - Goal by Luke Witkowski - Predators : 4 - Avalanche : 2.
6:31 of 3rd period - Bryan Little wins face-off versus Andy Miele in neutral zone.
6:36 of 3rd period - Wrist shot by Bryan Little.
6:36 of 3rd period - Stopped by Jaroslav Halak without a rebound.
6:37 of 3rd period - Bryan Little wins face-off versus Andy Miele in Predators zone.
6:40 of 3rd period - Snap shot by Patric Hornqvist.
6:40 of 3rd period - Stopped by Jaroslav Halak without a rebound.
6:41 of 3rd period - Bryan Little wins face-off versus Andy Miele in Predators zone.
7:25 of 3rd period - Wrist shot by Andy Miele.
7:25 of 3rd period - Shot Blocked by Marc Staal.
7:37 of 3rd period - Mikkel Boedker is hit by Mikael Granlund.
8:02 of 3rd period - Snap shot by Alexander Ovechkin.
8:02 of 3rd period - Stopped by Semyon Varlamov without a rebound.
8:03 of 3rd period - Ryan Kesler wins face-off versus Vincent Trocheck in Avalanche zone.
8:06 of 3rd period - Snap shot by Brad Boyes.
8:06 of 3rd period - Goal by Brad Boyes - Predators : 5 - Avalanche : 2.
8:07 of 3rd period - Vincent Trocheck wins face-off versus Ryan Kesler in neutral zone.
8:18 of 3rd period - Snap shot by James Van Riemsdyk.
8:18 of 3rd period - Deflect By Vincent Trocheck.
8:18 of 3rd period - Stopped by Jaroslav Halak with a rebound.
8:20 of 3rd period - Slapshot by Erik Karlsson.
8:20 of 3rd period - Deflect By James Van Riemsdyk.
8:20 of 3rd period - Shot Misses the Net.
8:20 of 3rd period - Puck is out of play.
8:21 of 3rd period - Scott Laughton wins face-off versus Charlie Coyle in Predators zone.
8:28 of 3rd period - Slapshot by Scott Laughton.
8:28 of 3rd period - Shot Misses the Net.
8:53 of 3rd period - Snap shot by Jaden Schwartz.
8:53 of 3rd period - Stopped by Semyon Varlamov with a rebound.
9:37 of 3rd period - Snap shot by Chris Higgins.
9:37 of 3rd period - Stopped by Semyon Varlamov with a rebound.
9:39 of 3rd period - Slapshot by Ryan Mcdonagh.
9:39 of 3rd period - Shot Misses the Net.
10:57 of 3rd period - Wrist shot by Jarred Tinordi.
10:57 of 3rd period - Stopped by Jaroslav Halak without a rebound.
10:58 of 3rd period - Kyle Turris wins face-off versus Ryan Kesler in Predators zone.
11:08 of 3rd period - Icing by Justin Faulk.
11:09 of 3rd period - Ryan Kesler wins face-off versus Bryan Little in Predators zone.
11:21 of 3rd period - Wrist shot by Bryan Little.
11:21 of 3rd period - Shot Misses the Net.
11:25 of 3rd period - Wrist shot by Mikkel Boedker.
11:25 of 3rd period - Stopped by Jaroslav Halak without a rebound.
11:26 of 3rd period - Andy Miele wins face-off versus Charlie Coyle in Predators zone.
12:03 of 3rd period - Off-side.
12:04 of 3rd period - Brad Boyes wins face-off versus Bryan Little in neutral zone.
12:08 of 3rd period - Off-side.
12:09 of 3rd period - Bryan Little wins face-off versus Ryan Kesler in neutral zone.
12:25 of 3rd period - Minor Penalty to Erik Karlsson for Roughing.
12:26 of 3rd period - Mikkel Boedker wins face-off versus Andy Miele in Avalanche zone.
12:40 of 3rd period - Wrist shot by Alexander Ovechkin.
12:40 of 3rd period - Goal by Alexander Ovechkin - Predators : 6 - Avalanche : 2.
12:41 of 3rd period - Bryan Little wins face-off versus Andy Miele in neutral zone.
12:56 of 3rd period - Slapshot by Ryan Mcdonagh.
12:56 of 3rd period - Stopped by Semyon Varlamov without a rebound.
12:57 of 3rd period - Charlie Coyle wins face-off versus Ryan Kesler in Avalanche zone.
13:05 of 3rd period - Slapshot by Marc Staal.
13:05 of 3rd period - Shot Misses the Net.
13:23 of 3rd period - Bryan Little is hit by Andy Miele and loses puck.
13:45 of 3rd period - Snap shot by Chris Higgins.
13:45 of 3rd period - Shot Misses the Net.
13:47 of 3rd period - Slapshot by John Moore.
13:47 of 3rd period - Stopped by Semyon Varlamov with a rebound.
13:49 of 3rd period - Wrist shot by Jack Eichel.
13:49 of 3rd period - Stopped by Semyon Varlamov with a rebound.
13:51 of 3rd period - Snap shot by Jack Eichel.
13:51 of 3rd period - Deflect By Bryan Little.
13:51 of 3rd period - Shot Misses the Net.
13:51 of 3rd period - Puck is out of play.
13:52 of 3rd period - Jack Eichel wins face-off versus Vincent Trocheck in Avalanche zone.
13:59 of 3rd period - Snap shot by Byron Bitz.
13:59 of 3rd period - Shot Misses the Net.
14:01 of 3rd period - Snap shot by Byron Bitz.
14:01 of 3rd period - Shot Blocked by James Van Riemsdyk.
14:03 of 3rd period - Wrist shot by Chris Higgins.
14:03 of 3rd period - Shot Misses the Net.
14:05 of 3rd period - Snap shot by Josh Morrissey.
14:05 of 3rd period - Stopped by Semyon Varlamov with a rebound.
14:24 of 3rd period - Off-side.
14:25 of 3rd period - Andy Miele wins face-off versus Bryan Little in neutral zone.
14:47 of 3rd period - Minor Penalty to Bryan Little for Hooking.
14:48 of 3rd period - Mikkel Boedker wins face-off versus Alexander Ovechkin in Avalanche zone.
14:54 of 3rd period - Icing by Mikael Granlund.
14:55 of 3rd period - Mikkel Boedker wins face-off versus Andy Miele in Predators zone.
14:56 of 3rd period - Wrist shot by Patric Hornqvist.
14:56 of 3rd period - Stopped by Jaroslav Halak with a rebound.
15:02 of 3rd period - Slapshot by Ryan Mcdonagh.
15:02 of 3rd period - Stopped by Semyon Varlamov with a rebound.
15:04 of 3rd period - Slapshot by Andy Miele.
15:04 of 3rd period - Stopped by Semyon Varlamov with a rebound.
15:34 of 3rd period - Slapshot by Alexander Edler.
15:34 of 3rd period - Shot Misses the Net.
15:36 of 3rd period - Slapshot by Ryan Mcdonagh.
15:36 of 3rd period - Deflect By Erik Karlsson.
15:36 of 3rd period - Stopped by Semyon Varlamov without a rebound.
15:37 of 3rd period - Ryan Kesler wins face-off versus Vincent Trocheck in Avalanche zone.
16:47 of 3rd period - Penalty to Bryan Little is over, Bryan Little is back on ice.
17:02 of 3rd period - Snap shot by Kyle Turris.
17:02 of 3rd period - Stopped by Jaroslav Halak without a rebound.
17:03 of 3rd period - Scott Laughton wins face-off versus Charlie Coyle in Predators zone.
17:16 of 3rd period - Wrist shot by Justin Abdelkader.
17:16 of 3rd period - Stopped by Semyon Varlamov without a rebound.
17:17 of 3rd period - Bryan Little wins face-off versus Andy Miele in Avalanche zone.
17:43 of 3rd period - Ryan Mcdonagh is hit by Charlie Coyle and loses puck.
17:50 of 3rd period - Wrist shot by Evgeny Dadonov.
17:50 of 3rd period - Shot Misses the Net.
18:04 of 3rd period - Slapshot by Alexander Edler.
18:04 of 3rd period - Shot Blocked by Marc Staal.
18:06 of 3rd period - Slapshot by Alexander Edler.
18:06 of 3rd period - Stopped by Semyon Varlamov without a rebound.
18:07 of 3rd period - Vincent Trocheck wins face-off versus Scott Laughton in Avalanche zone.
18:11 of 3rd period - Off-side.
18:12 of 3rd period - Andy Miele wins face-off versus Bryan Little in neutral zone.
18:35 of 3rd period - Minor Penalty to Patric Hornqvist for Hooking.
18:36 of 3rd period - Andy Miele wins face-off versus Mikkel Boedker in Avalanche zone.
18:37 of 3rd period - Snap shot by Mikael Granlund.
18:37 of 3rd period - Deflect By Mikkel Boedker.
18:37 of 3rd period - Stopped by Semyon Varlamov with a rebound.
18:39 of 3rd period - Slapshot by Andy Miele.
18:39 of 3rd period - Stopped by Semyon Varlamov with a rebound.
Goals for this period are 2 for Predators vs 2 for Avalanche.
Shots for this period are 17 for Predators vs 12 for Avalanche. Output by the SimonT Hockey Simulator (STHS) for Francois Prevost - Original Page W3C HTML5 Valid
Hockey Simulator - Hockey Simulation - Hockey Manager